AoeStats
← 吸любящий怔отец熏

Black Forest

510538840Analyzed
4v4 RM · 1d ago on Oct 1, 2026· 40m 4s· 8 players
Game mode
Random Map
Map size
Large (8 player)
Population
200
Speed
Normal
Resources
Standard
Victory
Conquest
Starting age
Dark Age
Ending age
Imperial Age
RankedLock teamsTeams togetherTeam positionsShared explorationLock speedFull tech treeHidden civsTurbo modeCheats
Victory
Defeat
🇨🇳 Celts · China
1147
+11
🇨🇳 Khmer · China
1024
+16
🇨🇳 Burmese · China
949
+20
903
+22
🇨🇳 Romans · China
1051
-18
🇹🇷 Khmer · Türkiye
1039
-18
🇮🇳 Italians · India
1016
-17
🇩🇪 Spanish · Germany
1012
-16
VVS
0:27 Loom
12:08 Feudal Age
12:43 Town Watch
14:19 Wheelbarrow
13:34 Fishing Lines
18:37 Castle Age
17:05 Double-Bit Axe
17:04 Horse Collar
17:22 Gold Mining
18:07 Stone Mining
19:43 Gillnets
22:29 Bow Saw
24:42 Heavy Plow
29:55 Imperial Age
28:35 Fletching
28:46 Padded Archer Armor
29:49 Hand Cart
29:56 Bodkin Arrow
30:23 Ballistics
31:14 Conscription
32:02 Chemistry
32:14 Two-Man Saw
32:17 Elite Genoese Crossbowman
33:59 Leather Archer Armor
35:47 Bracer
39:49 Ring Archer Armor
40:18 Squires
40:03 Arson
Pandinus
1:19 Loom
12:11 Feudal Age
17:09 Castle Age
15:10 Fletching
17:53 Bodkin Arrow
21:28 Bloodlines
23:01 Husbandry
23:09 Double-Bit Axe
25:18 Wheelbarrow
24:55 Horse Collar
30:45 Town Watch
30:30 Pikeman
31:20 Padded Archer Armor
34:39 Bow Saw
34:33 Heavy Plow
35:48 Gold Mining
36:15 Leather Archer Armor
36:04 Squires
35:26 Elite Skirmisher
37:18 Scale Mail Armor
cc
1:26 Loom
13:09 Feudal Age
14:24 Double-Bit Axe
17:42 Castle Age
16:05 Horse Collar
24:44 Gold Mining
27:31 Bow Saw
27:25 Fletching
28:03 Bodkin Arrow
29:07 Wheelbarrow
34:29 Gold Shaft Mining
33:44 Stone Mining
35:12 Hand Cart
36:39 Murder Holes
37:05 Ballistics
38:06 Elite Skirmisher
90_Archer
3:47 Loom
14:13 Feudal Age
15:47 Double-Bit Axe
18:14 Castle Age
17:36 Double-Bit Axe
21:35 Fishing Lines
24:54 Gillnets
26:58 Fervor
26:25 Man-at-Arms
27:10 Horse Collar
28:14 Wheelbarrow
28:30 Bow Saw
28:34 Long Swordsman
29:15 Squires
29:56 Pikeman
31:15 Town Watch
33:41 Gold Mining
33:42 Stone Mining
35:16 Gold Shaft Mining
34:49 Heavy Plow
35:55 Scale Barding Armor
35:53 Scale Mail Armor
39:04 Imperial Age
36:51 Hand Cart
37:37 Chain Mail Armor
37:44 Town Patrol
39:15 Forging
38:56 Fletching
39:51 Ballistics
41:05 Iron Casting
蒸馍
9:51 Loom
13:55 Feudal Age
15:06 Double-Bit Axe
18:15 Castle Age
20:34 Pikeman
27:20 Wheelbarrow
27:25 Bow Saw
27:51 Horse Collar
29:58 Hand Cart
30:02 Heavy Plow
30:25 Gold Mining
33:05 Gold Shaft Mining
33:21 Stone Mining
37:39 Imperial Age
34:57 Gambesons
34:33 Man-at-Arms
36:59 Long Swordsman
37:51 Forging
37:41 Scale Mail Armor
37:59 Arson
37:44 Onager
37:44 Capped Ram
39:25 Siege Engineers
40:22 Chemistry
39:42 Ballistics
39:32 Masonry
38:59 Siege Onager
38:59 Siege Ram
39:52 Siege Ram
吸любящий怔отец熏
12:31 Feudal Age
13:10 Horse Collar
13:17 Double-Bit Axe
16:06 Castle Age
17:31 Heavy Plow
17:44 Bow Saw
18:11 Wheelbarrow
23:57 Hand Cart
23:44 Gold Mining
23:45 Stone Mining
24:58 Grand Trunk Road
25:48 Gold Shaft Mining
26:00 Stone Shaft Mining
27:11 Padded Archer Armor
27:35 Ballistics
31:21 Imperial Age
30:23 Leather Archer Armor
30:19 Forging
30:14 Scale Barding Armor
30:59 Caravan
31:29 Coinage
33:11 Chemistry
34:21 Conscription
34:02 Shatagni
34:26 Siege Engineers
34:29 Husbandry
34:40 Bloodlines
33:52 Heavy Camel Rider
35:20 Ring Archer Armor
35:26 Iron Casting
34:56 Scale Barding Armor
Death_noob5
6:24 Loom
12:33 Feudal Age
17:03 Castle Age
15:08 Horse Collar
21:05 Fletching
23:21 Elite Skirmisher
29:53 Heavy Plow
31:42 Wheelbarrow
33:07 Town Watch
33:38 Hand Cart
33:34 Gold Mining
33:35 Stone Mining
37:37 Imperial Age
36:22 Forging
37:32 Gold Shaft Mining
37:31 Bloodlines
37:22 Husbandry
36:44 Light Cavalry
37:46 Fervor
37:56 Sanctity
38:41 Iron Casting
38:12 Scale Barding Armor
38:42 Bodkin Arrow
38:49 Scale Mail Armor
40:26 Blast Furnace
39:46 Chain Barding Armor
39:09 Hussar
39:18 Man-at-Arms
39:44 Gambesons
39:59 Squires
40:17 Arson
長崎 そよ
0:34 Loom
13:16 Feudal Age
17:58 Castle Age
17:35 Wheelbarrow
18:36 Double-Bit Axe
39:57 Fortified Wall
Connection lost

Rejoining the realm…

Still unreachable

The connection could not be restored.

Session expired

The server has moved on; the page needs a fresh start.